 Dungeon Crawl Stone Soup version 0.21.1-1-g345015f (webtiles) character file.

109 wotfoxis the Ruffian (level 4, -5/35 HPs)
             Began as a Draconian Transmuter on Feb 19, 2018.
             Slain by an orc
             ... wielding a +1 whip of electrocution
              (15 damage)
             ... on level 3 of the Dungeon.
             The game lasted 00:09:18 (1988 turns).

wotfoxis the Ruffian (Draconian Transmuter)         Turns: 1988, Time: 00:09:20

Health: -5/35      AC:  5    Str: 15    XL:     4   Next: 60%
Magic:  12/17      EV: 12    Int: 15    God:
Gold:   73         SH:  0    Dex: 11    Spells: 2/8 levels left

rFire    . . .     SeeInvis .     - Unarmed
rCold    . . .     Gourm    .   (no shield)
rNeg     . . .     Faith    .   (armour unavailable)
rPois    .         Spirit   .   (helmet restricted)
rElec    .         Reflect  .   (no cloak)
rCorr    .         Harm     .   (no gloves)
MR       .....                  (no boots)
Stlth    +.........             (no amulet)
HPRegen  0.11/turn              k - +3 ring of strength
MPRegen  0.15/turn              n - ring of magical power

@: appendage, drained
A: unfitting armour, horns 2, cold-blooded, AC +5
a: End Transformation


You were on level 3 of the Dungeon.
You were not hungry.
You had grown temporary horns.
You visited 1 branch of the dungeon, and saw 3 of its levels.

You collected 73 gold pieces.

Inventory:

Missiles
 a - 36 arrows (quivered)
Armour
 m - a +0 cloak
Jewellery
 k - a +3 ring of strength (left hand)
 n - a ring of magical power (right hand)
Scrolls
 d - 2 scrolls of identify {unknown}
 f - a scroll of immolation {unknown}
 j - a scroll of teleportation {unknown}
Potions
 e - 2 potions of heal wounds {unknown}
 g - a potion of flight {unknown}
 h - 2 potions of curing {unknown}
 l - a potion of lignification {unknown}
Books
 b - a book of Changes

   Spells                             Type                      Level
   a - Beastly Appendage              Transmutation                1
   b - Sticks to Snakes               Transmutation                2
   c - Spider Form                    Transmutation/Poison         3
   d - Ice Form                       Ice/Transmutation            4
   e - Blade Hands                    Transmutation                5
Comestibles
 i - 2 rations


   Skills:
 + Level 1.1(0.9) Fighting
 + Level 2.2(2.1) Dodging
 + Level 0.1(0.0) Stealth
 + Level 4.3(4.1) Unarmed Combat
 + Level 2.7(2.6) Spellcasting
 + Level 2.6(2.4) Transmutations


You had 2 spell levels left.
You knew the following spells:

 Your Spells              Type           Power        Failure   Level  Hunger
a - Beastly Appendage     Tmut           #.....       8%          1    #......
b - Sticks to Snakes      Tmut           #.......     12%         2    ###....
c - Spider Form           Tmut/Pois      #.........   36%         3    ###....


Dungeon Overview and Level Annotations

Branches:
Dungeon (3/15)

Altars:


Innate Abilities, Weirdness & Mutations

Your plain brown scales are hard. (AC +5)
You cannot fit into any form of body armour.
You are cold-blooded and may be slowed by cold attacks.
You have a pair of horns on your head.


Message History

There is an open door here.
There is a stone staircase leading down here.
You climb downwards.
There is a stone staircase leading up here.
The orc shouts!
You hear a shout!
Casting: Spider Form
Confirm with . or Enter, or press ? or * to list all spells.
You grow a pair of large bovine horns.
The orc hits you but does no damage.
You are electrocuted!
Ouch! That really hurt!
Casting: Beastly Appendage
Confirm with . or Enter, or press ? or * to list all spells.
You create a snake!
You now have 37 arrows.
The orc closely misses you.
Casting: Sticks to Snakes
Confirm with . or Enter, or press ? or * to list all spells.
You create a snake!
You now have 36 arrows.
The orc hits you with a whip of electrocution.
* * * LOW HITPOINT WARNING * * *
You are electrocuted!
You die...

########## ####........#
####...........# ###...
#....(.........# ......
#.##.........########......
#.#<........S..............
#.#...#.##@########........
#.#......#.o.o..###.......?
#.##>......S....).o....#
#...............##o.####
#####....#<.....###.#
#....#......# #o#
#....#......###.#
#....#........#.#
#....#........#o#


You could see an orc priest, an orc and 2 friendly ball pythons.

Vanquished Creatures
  2 adders
  An ooze (D:1)
  2 leopard geckos
  3 ball pythons
  6 giant cockroaches
  5 goblins
  6 hobgoblins
  4 jackals (D:1)
  6 bats (D:2)
  4 frilled lizards
  2 kobolds
  3 rats
44 creatures vanquished.

Vanquished Creatures (collateral kills)
  Crazy Yiuf (D:2)
  2 adders (D:2)
  An orc (D:3)
  A hobgoblin (D:2)
  A kobold (D:2)
  A rat (D:2)
7 creatures vanquished.

Grand Total: 51 creatures vanquished

Notes
Turn   | Place    | Note
-------+----------+-------------------------------------------
     0 | D:1      | wotfoxis the Draconian Transmuter began the quest for the Orb.
     0 | D:1      | Reached XP level 1. HP: 16/16 MP: 3/3
   117 | D:1      | Reached XP level 2. HP: 21/23 MP: 3/5
   983 | D:1      | Reached XP level 3. HP: 22/28 MP: 6/6
  1073 | D:2      | Learned a level 2 spell: Sticks to Snakes
  1196 | D:2      | Reached skill level 4 in Unarmed Combat
  1263 | D:3      | Reached XP level 4. HP: 19/35 MP: 5/7
  1382 | D:2      | Found a runed door.
  1387 | D:2      | Noticed Crazy Yiuf
  1398 | D:2      | Killed Crazy Yiuf
  1405 | D:2      | Learned a level 3 spell: Spider Form
  1988 | D:3      | Slain by an orc

Skill      XL: |  1  2  3 |
---------------+----------+-----
Dodging        | 2 |  2.2
Unarmed Combat | 4 |  4.3
Fighting       | |  1.1
Stealth        | |  0.1
Spellcasting   | |  2.7
Transmutations | |  2.6

Action                   |  1- 3 |  4- 6 || total
-------------------------+-------+-------++-------
Melee: Unarmed           |   108 |    37 ||   145
       Headbutt          |    12 |     3 ||    15
       Tailslap          |     7 |     2 ||     9
       Kick              |     3 |       ||     3
       Punch             |     1 |       ||     1
 Cast: Beastly Appendage |    17 |     7 ||    24
       Sticks to Snakes  |     6 |    14 ||    20
       Spider Form       |       |     1 ||     1
  Eat: Ration            |     2 |       ||     2
Armor: Skin              |    30 |     9 ||    39
Dodge: Dodged            |    79 |    45 ||   124
